Heat vs Gulls

Created - 21 mars 2022 at 16:22

Goals
1 2 3 T
Heat 2 2 1 5
Gulls 3 1 3 7
Shots
1 2 3 T
Heat 11 8 5 24
Gulls 19 3 11 33

GoalsPenalties
1st period
1. Gulls , Gemel Smith 17 (Thomas Hickey 4, Tom Kuhnhackl 18) at 2:31
2. Gulls , Eeli Tolvanen 25 (Tobias Rieder 4) at 2:41
3. Heat , Wade Allison 35 (Ryan McLeod 44, Mark Barberio 22) at 3:53
4. Gulls , Kristian Vesalainen 8 (Gemel Smith 14, Tom Kuhnhackl 19) at 8:24
5. Heat , Joel Kellman 18 (Tommy Cross 16, Mark Barberio 23) at 18:11
Andrew Ladd (SAD) for Cross-checking (Minor) at 5:06
Cody Franson (STK) for Hooking (Minor) at 9:12
Alexander Petrovic (STK) for Roughing (Minor) at 9:49
Eeli Tolvanen (SAD) for Holding Stick (Minor) at 13:02
2nd period
6. Heat , Patrick Russell 9 (Travis Boyd 28) at 2:35
7. Gulls , Tage Thompson 22 (Korbinian Holzer 10, Andrew Ladd 42) at 12:04
8. Heat , Joel Kellman 19 (Dillon Dube 27, Mark Barberio 24) at 17:03
No Penalty
3rd period
9. Gulls , Gemel Smith 18 (Rasmus Sandin 52, Kristian Vesalainen 16) at 6:10
10. Gulls , Andrew Ladd 28 (Braydon Coburn 25, Korbinian Holzer 11) at 6:45
11. Heat , Dillon Dube 15 (Ryan McLeod 45, Cody Franson 34) at 16:56 (PP)
12. Gulls , Gemel Smith 19 (Korbinian Holzer 12) at 18:32
Alexander Petrovic (STK) for Interference (Minor) at 12:59
Korbinian Holzer (SAD) for Tripping (Minor) at 15:23
Goalie Stats
Dylan Ferguson (STK), 22 saves from 28 shots - (0,786), L, 8-10-3, 46:45 minutes
Joel Hofer (STK), 4 saves from 5 shots - (0,800), 13:15 minutes
Stuart Skinner (SAD), 19 saves from 24 shots - (0,792), W, 46-24-3, 60:00 minutes
3 StarsOfficial
1 - Gemel Smith (SAD)
2 - Kristian Vesalainen (SAD)
3 - Tom Kuhnhackl (SAD)
Referees : Brad Watson and Kyle Rehman
Linesman : Ryan Gibbons and Steve Barton
Game Note
Joel Hofer enters game at 6:45 of 3rd period
Gemel Smith has scored a Hat Trick!
Finance
Level 1 -- Attendance: 1419 (70,95%) -- Ticket Income 55 341 $
Level 2 -- Attendance: 632 (63,20%) -- Ticket Income 12 008 $
Total Attendance: 2051 (68,37%)
Total Ticket Income: 67 349 $
Other Income: 33 001 $
Total Income: 100 350 $



Team Name Goals Shots Shots Attemp Shots Blocked PIM HIT PP PK FO%
Heat 5246146161 / 3 (33%)049%
Gulls 73366106200 / 3 (0%)151%

Heat
Player Name POS G A P +/- PIM HIT SHT SB MP PP MP PP SHT PK MP PK SHT FO% FOT
Alexander PetrovicD000-2440017:400:0000:3600% 0
Cody FransonD011-1221018:272:0401:2900% 0
Cole SchneiderLW000-1010013:170:0000:0000% 0
Connor MackeyD000-2001119:532:0400:4400% 0
Daniel CarrLW/RW000-1001017:252:5400:0300% 0
Dillon DubeC/LW/RW1120012010:302:3720:520100% 2
Eetu TuulolaRW000001007:010:0000:0000% 0
Joel KellmanC2020004012:192:5402:24138% 16
John HaydenC/LW/RW000-1012016:080:0001:40045% 22
Jonny BrodzinskiC/LW/RW000-1002017:222:5400:000100% 1
Mark BarberioD0330010020:090:0002:1500% 0
Patrick RussellRW101-1013013:170:0000:0000% 2
Ryan McLeodC022-1001019:322:3701:47056% 25
Steven KampferD000-1013220:423:2722:2000% 0
Tommy CrossD0110021119:390:0001:4500% 0
Travis BoydC/LW/RW011-1001016:443:2710:00050% 12
Wade AllisonRW101-1002018:472:3711:0200% 1
Zac RinaldoC/LW/RW000-1010015:080:0000:000100% 1
Gulls
Player Name POS G A P +/- PIM HIT SHT SB MP PP MP PP SHT PK MP PK SHT FO% FOT
Adam CracknellC000-2011020:402:3302:00052% 29
Andrew LaddLW1121262019:022:0202:24025% 4
Braydon CoburnD0111010221:160:0002:0200% 0
Brendan GuhleD0000021523:472:1713:2900% 0
Brett MurrayLW000000000:000:0000:0000% 0
Cooper MarodyC000000005:590:0000:15057% 7
Eeli TolvanenLW/RW101-2209025:022:1711:3800% 1
Gemel SmithC3144005017:582:0202:30057% 21
Korbinian HolzerD0332210019:300:0001:3300% 0
Kristian VesalainenLW/RW1124002014:150:0000:06067% 3
Kristians RubinsD0001011117:240:0003:2900% 0
Loui ErikssonLW/RW0001004016:392:0210:00040% 15
Oliver WahlstromRW000-2002018:402:3300:0000% 0
Rasmus SandinD0111071019:322:1800:2900% 0
Tage ThompsonRW1011002017:102:3300:0000% 0
Thomas HickeyD0111000216:132:1800:0000% 0
Tobias RiederC/LW/RW011000105:440:0000:000100% 1
Tom KuhnhacklLW/RW0224012015:350:0002:090100% 1

Heat

5 vs 5 Forward
Line #Left WingCenterRight WingPHYDFOFWanted %Time %Time Play
1Jonny BrodzinskiJohn HaydenDaniel Carr1223029%14:28
2Cole SchneiderTravis BoydPatrick Russell1222827%13:17
3Zac RinaldoRyan McLeodWade Allison1222830%15:08
4Dillon DubeJoel KellmanEetu Tuulola1221414%7:01
5 vs 5 Defense
Line #DefenseDefensePHYDFOFWanted %Time %Time Play
1Mark BarberioTommy Cross1223636%17:54
2Cody FransonSteven Kampfer1223230%14:55
3Connor MackeyAlexander Petrovic1223234%17:05
4Cody FransonConnor Mackey12200%0:00
Power Play Forward
Line #Left WingCenterRight WingPHYDFOFWanted %Time %Time Play
1Dillon DubeRyan McLeodWade Allison0146047%2:37
2Jonny BrodzinskiJoel KellmanDaniel Carr0144053%2:54
Power Play Defense
Line #DefenseDefensePHYDFOFWanted %Time %Time Play
1Steven KampferTravis Boyd0146063%3:27
2Connor MackeyCody Franson0144037%2:04
Penalty Kill 4 Players Forward
Line #CenterWingPHYDFOFWanted %Time %Time Play
1Joel KellmanWade Allison1405048%1:33
2Ryan McLeodJohn Hayden1405052%1:40
Penalty Kill 4 Players Defense
Line #DefenseDefensePHYDFOFWanted %Time %Time Play
1Cody FransonSteven Kampfer1405046%1:29
2Mark BarberioAlexander Petrovic1405054%1:44
Penalty Kill 3 Players
Line #WingPHYDFOFWanted %Time %Time PlayDefenseDefensePHYDFOFWanted %Time %Time Play
1Joel Kellman0505062%0:51 Cody FransonSteven Kampfer0505062%0:51
2Ryan McLeod0505038%0:31 Mark BarberioAlexander Petrovic0505038%0:31
4 vs 4 Forward
Line #CenterWingPHYDFOFWanted %Time %Time Play
1John HaydenDaniel Carr122500%0:00
2Ryan McLeodWade Allison122500%0:00
4 vs 4 Defense
Line #DefensePHYDFOFWanted %Time %Time Play
1Cody FransonMark Barberio122500%0:00
2Steven KampferAlexander Petrovic122500%0:00
Last Minutes Offensive
Left WingCenterRight WingDefenseDefense
Jonny BrodzinskiRyan McLeodWade AllisonCody FransonSteven Kampfer
Last Minutes Defensive
Left WingCenterRight WingDefenseDefense
Joel KellmanRyan McLeodEetu TuulolaSteven KampferCody Franson
Time
Total ForwardTotal DefenseLast Minutes OffensiveLast Minutes Defensive
60:00 60:00 0:000:00
Extra Forwards
Normal PowerPlayPenalty Kill
Ryan McLeod, John Hayden, Wade AllisonCole Schneider, Daniel CarrWade Allison
Extra Defensemen
Normal PowerPlayPenalty Kill
Mark Barberio, Cody Franson, Steven KampferConnor Mackey, Tommy CrossConnor Mackey
Penalty Shots
Dillon Dube, Jonny Brodzinski, Travis Boyd, Daniel Carr, Patrick Russell
Goalie
Dylan Ferguson, Joel Hofer
Custom OT Lines Forwards
John Hayden, Daniel Carr, Ryan McLeod, Wade Allison, Dillon Dube, Travis Boyd, Jonny Brodzinski, Cole Schneider, Joel Kellman, Patrick Russell
Custom OT Lines Defensemen
Steven Kampfer, Cody Franson, Connor Mackey, Mark Barberio, Tommy Cross
Scratches
Alexander Yelesin (Healthy), Nikolai Knyzhov (Healthy), Matthew Phillips (Healthy), Luke Philp (Healthy), Dmitry Zavgorodniy (Healthy) Emilio Pettersen (Healthy), Axel Jonsson-Fjallby (Healthy), Joseph Gambardella (Healthy), Philip Kemp (Healthy), Maxime Lagace (Healthy) Scott Wedgewood (Healthy)

Gulls

5 vs 5 Forward
Line #Left WingCenterRight WingPHYDFOFWanted %Time %Time Play
1Eeli TolvanenAdam CracknellOliver Wahlstrom1133332%16:07
2Andrew LaddLoui ErikssonTage Thompson1132829%14:37
3Tom KuhnhacklGemel SmithKristian Vesalainen2122327%13:26
4Eeli TolvanenCooper MarodyTobias Rieder1221611%5:44
5 vs 5 Defense
Line #DefenseDefensePHYDFOFWanted %Time %Time Play
1Braydon CoburnKorbinian Holzer1223536%17:58
2Rasmus SandinBrendan Guhle1223332%16:01
3Kristians RubinsThomas Hickey1222728%13:55
4Braydon CoburnBrendan Guhle12254%2:00
Power Play Forward
Line #Left WingCenterRight WingPHYDFOFWanted %Time %Time Play
1Tage ThompsonAdam CracknellOliver Wahlstrom1046756%2:33
2Andrew LaddGemel SmithLoui Eriksson0143344%2:02
Power Play Defense
Line #DefenseDefensePHYDFOFWanted %Time %Time Play
1Eeli TolvanenBrendan Guhle1136850%2:17
2Rasmus SandinThomas Hickey0053250%2:18
Penalty Kill 4 Players Forward
Line #CenterWingPHYDFOFWanted %Time %Time Play
1Adam CracknellTom Kuhnhackl1315039%2:09
2Gemel SmithAndrew Ladd1405061%3:22
Penalty Kill 4 Players Defense
Line #DefenseDefensePHYDFOFWanted %Time %Time Play
1Braydon CoburnKorbinian Holzer2305037%2:02
2Kristians RubinsBrendan Guhle2305063%3:29
Penalty Kill 3 Players
Line #WingPHYDFOFWanted %Time %Time PlayDefenseDefensePHYDFOFWanted %Time %Time Play
1Adam Cracknell131500%0:00 Braydon CoburnKorbinian Holzer140500%0:00
2Tom Kuhnhackl140500%0:00 Kristians RubinsBrendan Guhle140500%0:00
4 vs 4 Forward
Line #CenterWingPHYDFOFWanted %Time %Time Play
1Adam CracknellOliver Wahlstrom122500%0:00
2Gemel SmithEeli Tolvanen122500%0:00
4 vs 4 Defense
Line #DefensePHYDFOFWanted %Time %Time Play
1Braydon CoburnBrendan Guhle122500%0:00
2Rasmus SandinKorbinian Holzer122500%0:00
Last Minutes Offensive
Left WingCenterRight WingDefenseDefense
Tage ThompsonAdam CracknellOliver WahlstromEeli TolvanenRasmus Sandin
Last Minutes Defensive
Left WingCenterRight WingDefenseDefense
Tom KuhnhacklAdam CracknellLoui ErikssonBraydon CoburnKorbinian Holzer
Time
Total ForwardTotal DefenseLast Minutes OffensiveLast Minutes Defensive
60:00 60:00 0:000:00
Extra Forwards
Normal PowerPlayPenalty Kill
Eeli Tolvanen, Andrew Ladd, Kristian VesalainenEeli Tolvanen, Kristian VesalainenEeli Tolvanen
Extra Defensemen
Normal PowerPlayPenalty Kill
Kristians Rubins, Korbinian Holzer, Rasmus SandinKristians Rubins, Korbinian HolzerRasmus Sandin
Penalty Shots
Eeli Tolvanen, Oliver Wahlstrom, Tage Thompson, Kristian Vesalainen, Cooper Marody
Goalie
Stuart Skinner, Landon Bow
Custom OT Lines Forwards
Oliver Wahlstrom, Eeli Tolvanen, Adam Cracknell, Andrew Ladd, Brett Murray, Tage Thompson, Tom Kuhnhackl, Loui Eriksson, Cooper Marody, Kristian Vesalainen
Custom OT Lines Defensemen
Braydon Coburn, Korbinian Holzer, Rasmus Sandin, Brendan Guhle, Kristians Rubins
Scratches
Brett Seney (Healthy), Jordan Gross (Healthy), Liam O'Brien (Healthy), Kristian Reichel (Healthy), Pontus Aberg (Healthy) Jack Ahcan (Healthy), Josh Dickinson (Suspend), John Quenneville (Healthy), Ethan Prow (Healthy), Jalen Chatfield (Healthy) Veini Vehvilainen (Healthy), Michael McNiven (Healthy)


Play-by-Play

1st period


0:01 of 1st period - Adam Cracknell wins face-off versus John Hayden in neutral zone.
0:34 of 1st period - Shot by Eeli Tolvanen.
0:34 of 1st period - Stopped by Dylan Ferguson with a rebound.
1:59 of 1st period - Icing by Andrew Ladd.
2:00 of 1st period - Joel Kellman wins face-off versus Loui Eriksson in Gulls zone.
2:02 of 1st period - Dillon Dube is hit by Rasmus Sandin and loses puck.
2:21 of 1st period - Shot by Kristian Vesalainen.
2:21 of 1st period - Stopped by Dylan Ferguson with a rebound.
2:23 of 1st period - Shot by Kristian Vesalainen.
2:23 of 1st period - Shot Misses the Net.
2:31 of 1st period - Shot by Gemel Smith.
2:31 of 1st period - Goal by Gemel Smith - Heat : 0 - Gulls : 1.
2:32 of 1st period - Cooper Marody wins face-off versus Wade Allison in neutral zone.
2:41 of 1st period - Shot by Eeli Tolvanen.
2:41 of 1st period - Goal by Eeli Tolvanen - Heat : 0 - Gulls : 2.
2:42 of 1st period - Tom Kuhnhackl wins face-off versus Travis Boyd in neutral zone.
3:07 of 1st period - Shot by Gemel Smith.
3:07 of 1st period - Stopped by Dylan Ferguson with a rebound.
3:09 of 1st period - Shot by Gemel Smith.
3:09 of 1st period - Shot Misses the Net.
3:51 of 1st period - Shot by Ryan McLeod.
3:51 of 1st period - Shot Misses the Net.
3:53 of 1st period - Shot by Wade Allison.
3:53 of 1st period - Goal by Wade Allison - Heat : 1 - Gulls : 2.
3:54 of 1st period - John Hayden wins face-off versus Loui Eriksson in neutral zone.
3:56 of 1st period - Off-side.
3:57 of 1st period - Adam Cracknell wins face-off versus John Hayden in neutral zone.
4:06 of 1st period - Shot by Eeli Tolvanen.
4:06 of 1st period - Deflect By Adam Cracknell.
4:06 of 1st period - Shot Misses the Net.
4:18 of 1st period - Shot by Daniel Carr.
4:18 of 1st period - Shot Misses the Net.
4:47 of 1st period - Braydon Coburn is hit by John Hayden.
4:56 of 1st period - Icing by Connor Mackey.
4:57 of 1st period - Andrew Ladd wins face-off versus John Hayden in Heat zone.
5:01 of 1st period - Icing by Daniel Carr.
5:02 of 1st period - Loui Eriksson wins face-off versus John Hayden in Heat zone.
5:06 of 1st period - Minor Penalty to Andrew Ladd for Cross-checking.
5:07 of 1st period - Gemel Smith wins face-off versus Ryan McLeod in Gulls zone.
5:20 of 1st period - Shot by Wade Allison.
5:20 of 1st period - Stopped by Stuart Skinner without a rebound.
5:21 of 1st period - Ryan McLeod wins face-off versus Adam Cracknell in Gulls zone.
5:22 of 1st period - Shot by Travis Boyd.
5:22 of 1st period - Shot Misses the Net.
5:24 of 1st period - Shot by Travis Boyd.
5:24 of 1st period - Stopped by Stuart Skinner with a rebound.
5:26 of 1st period - Shot by Steven Kampfer.
5:26 of 1st period - Shot Blocked by Brendan Guhle.
5:28 of 1st period - Shot by Wade Allison.
5:28 of 1st period - Shot Blocked by Brendan Guhle.
5:55 of 1st period - Icing by Wade Allison.
5:56 of 1st period - Dillon Dube wins face-off versus Adam Cracknell in Heat zone.
6:51 of 1st period - Shot by Jonny Brodzinski.
6:51 of 1st period - Shot Misses the Net.
8:07 of 1st period - Shot by Tobias Rieder.
8:07 of 1st period - Stopped by Dylan Ferguson without a rebound.
8:08 of 1st period - Ryan McLeod wins face-off versus Gemel Smith in Heat zone.
8:08 of 1st period - Ryan McLeod is hit by Tom Kuhnhackl.
8:24 of 1st period - Shot by Kristian Vesalainen.
8:24 of 1st period - Goal by Kristian Vesalainen - Heat : 1 - Gulls : 3.
8:25 of 1st period - Adam Cracknell wins face-off versus John Hayden in neutral zone.
8:27 of 1st period - Korbinian Holzer is hit by Alexander Petrovic and loses puck.
8:32 of 1st period - Shot by Eeli Tolvanen.
8:32 of 1st period - Stopped by Dylan Ferguson with a rebound.
8:36 of 1st period - Shot by Eeli Tolvanen.
8:36 of 1st period - Stopped by Dylan Ferguson without a rebound.
8:37 of 1st period - Kristian Vesalainen wins face-off versus Ryan McLeod in Heat zone.
8:40 of 1st period - Shot by Gemel Smith.
8:40 of 1st period - Stopped by Dylan Ferguson without a rebound.
8:41 of 1st period - Ryan McLeod wins face-off versus Adam Cracknell in Heat zone.
8:52 of 1st period - Shot by Eeli Tolvanen.
8:52 of 1st period - Shot Misses the Net.
9:10 of 1st period - Shot by Eeli Tolvanen.
9:10 of 1st period - Shot Misses the Net.
9:12 of 1st period - Shot by Oliver Wahlstrom.
9:12 of 1st period - Stopped by Dylan Ferguson without a rebound.
9:12 of 1st period - Minor Penalty to Cody Franson for Hooking.
9:13 of 1st period - Joel Kellman wins face-off versus Gemel Smith in Heat zone.
9:22 of 1st period - Shot by Alexander Petrovic.
9:22 of 1st period - Deflect By Joel Kellman.
9:22 of 1st period - Stopped by Stuart Skinner without a rebound.
9:23 of 1st period - Ryan McLeod wins face-off versus Gemel Smith in Gulls zone.
9:34 of 1st period - Shot by Eeli Tolvanen.
9:34 of 1st period - Shot Misses the Net.
9:44 of 1st period - Shot by Eeli Tolvanen.
9:44 of 1st period - Shot Misses the Net.
9:48 of 1st period - Shot by Brendan Guhle.
9:48 of 1st period - Stopped by Dylan Ferguson with a rebound.
9:49 of 1st period - Minor Penalty to Alexander Petrovic for Roughing.
9:50 of 1st period - Adam Cracknell wins face-off versus Joel Kellman in Heat zone.
10:31 of 1st period - Shot by Oliver Wahlstrom.
10:31 of 1st period - Shot Misses the Net.
11:04 of 1st period - Shot by Eeli Tolvanen.
11:04 of 1st period - Stopped by Dylan Ferguson with a rebound.
11:06 of 1st period - Shot by Loui Eriksson.
11:06 of 1st period - Shot Misses the Net.
11:08 of 1st period - Shot by Loui Eriksson.
11:08 of 1st period - Stopped by Dylan Ferguson without a rebound.
11:09 of 1st period - Adam Cracknell wins face-off versus Ryan McLeod in Heat zone.
12:06 of 1st period - Shot by Patrick Russell.
12:06 of 1st period - Stopped by Stuart Skinner without a rebound.
12:07 of 1st period - Cooper Marody wins face-off versus John Hayden in Gulls zone.
12:20 of 1st period - Shot by Mark Barberio.
12:20 of 1st period - Deflect By Daniel Carr.
12:20 of 1st period - Shot Misses the Net.
12:22 of 1st period - Shot by Mark Barberio.
12:22 of 1st period - Shot Blocked by Brendan Guhle.
12:24 of 1st period - Shot by Daniel Carr.
12:24 of 1st period - Stopped by Stuart Skinner without a rebound.
12:25 of 1st period - Gemel Smith wins face-off versus Travis Boyd in Gulls zone.
12:25 of 1st period - Gemel Smith is hit by Patrick Russell.
12:37 of 1st period - Shot by Tom Kuhnhackl.
12:37 of 1st period - Stopped by Dylan Ferguson without a rebound.
12:38 of 1st period - Tobias Rieder wins face-off versus Ryan McLeod in Heat zone.
13:02 of 1st period - Minor Penalty to Eeli Tolvanen for Holding Stick.
13:03 of 1st period - Gemel Smith wins face-off versus Joel Kellman in Gulls zone.
13:20 of 1st period - Shot by Steven Kampfer.
13:20 of 1st period - Stopped by Stuart Skinner with a rebound.
13:22 of 1st period - Shot by Steven Kampfer.
13:22 of 1st period - Stopped by Stuart Skinner without a rebound.
13:23 of 1st period - Adam Cracknell wins face-off versus Ryan McLeod in Gulls zone.
14:02 of 1st period - Shot by Connor Mackey.
14:02 of 1st period - Shot Misses the Net.
14:04 of 1st period - Shot by Dillon Dube.
14:04 of 1st period - Stopped by Stuart Skinner without a rebound.
14:05 of 1st period - Joel Kellman wins face-off versus Adam Cracknell in Gulls zone.
14:17 of 1st period - Off-side.
14:18 of 1st period - Adam Cracknell wins face-off versus Joel Kellman in neutral zone.
14:34 of 1st period - Shot by Travis Boyd.
14:34 of 1st period - Shot Blocked by Brendan Guhle.
14:36 of 1st period - Shot by Steven Kampfer.
14:36 of 1st period - Shot Misses the Net.
14:38 of 1st period - Shot by Steven Kampfer.
14:38 of 1st period - Shot Misses the Net.
14:40 of 1st period - Shot by Jonny Brodzinski.
14:40 of 1st period - Shot Blocked by Brendan Guhle.
15:22 of 1st period - Shot by Eeli Tolvanen.
15:22 of 1st period - Shot Misses the Net.
15:24 of 1st period - Shot by Oliver Wahlstrom.
15:24 of 1st period - Shot Blocked by Tommy Cross.
15:41 of 1st period - Eeli Tolvanen is hit by Tommy Cross and loses puck.
16:05 of 1st period - Shot by Tage Thompson.
16:05 of 1st period - Shot Misses the Net.
16:07 of 1st period - Shot by Andrew Ladd.
16:07 of 1st period - Stopped by Dylan Ferguson without a rebound.
16:08 of 1st period - Gemel Smith wins face-off versus Travis Boyd in Heat zone.
16:40 of 1st period - Shot by Patrick Russell.
16:40 of 1st period - Shot Blocked by Thomas Hickey.
16:46 of 1st period - Shot by Cole Schneider.
16:46 of 1st period - Shot Misses the Net.
16:48 of 1st period - Shot by Connor Mackey.
16:48 of 1st period - Shot Blocked by Thomas Hickey.
17:07 of 1st period - Steven Kampfer is hit by Rasmus Sandin and loses puck.
17:16 of 1st period - Shot by Tobias Rieder.
17:16 of 1st period - Shot Misses the Net.
17:24 of 1st period - Shot by Eeli Tolvanen.
17:24 of 1st period - Shot Misses the Net.
17:35 of 1st period - Shot by Eeli Tolvanen.
17:35 of 1st period - Stopped by Dylan Ferguson with a rebound.
17:38 of 1st period - Icing by Cody Franson.
17:39 of 1st period - Loui Eriksson wins face-off versus John Hayden in Heat zone.
17:45 of 1st period - Tage Thompson is hit by Steven Kampfer and loses puck.
17:57 of 1st period - Shot by Loui Eriksson.
17:57 of 1st period - Stopped by Dylan Ferguson without a rebound.
17:58 of 1st period - Adam Cracknell wins face-off versus Joel Kellman in Heat zone.
17:59 of 1st period - Shot by Eeli Tolvanen.
17:59 of 1st period - Shot Misses the Net.
18:11 of 1st period - Shot by Joel Kellman.
18:11 of 1st period - Goal by Joel Kellman - Heat : 2 - Gulls : 3.
18:12 of 1st period - Ryan McLeod wins face-off versus Andrew Ladd in neutral zone.
18:12 of 1st period - Ryan McLeod is hit by Andrew Ladd.
18:40 of 1st period - Shot by Tage Thompson.
18:40 of 1st period - Stopped by Dylan Ferguson without a rebound.
18:41 of 1st period - Adam Cracknell wins face-off versus Travis Boyd in Heat zone.
19:58 of 1st period - Shot by John Hayden.
19:58 of 1st period - Stopped by Stuart Skinner without a rebound.
19:59 of 1st period - Gemel Smith wins face-off versus Joel Kellman in Gulls zone.
Goals for this period are 2 for Heat vs 3 for Gulls.
Shots for this period are 11 for Heat vs 19 for Gulls.

2nd period


0:01 of 2nd period - John Hayden wins face-off versus Loui Eriksson in neutral zone.
0:19 of 2nd period - Shot by Loui Eriksson.
0:19 of 2nd period - Shot Misses the Net.
0:50 of 2nd period - Icing by Mark Barberio.
0:51 of 2nd period - John Hayden wins face-off versus Adam Cracknell in Heat zone.
1:07 of 2nd period - Ryan McLeod is hit by Kristians Rubins and loses puck.
1:16 of 2nd period - Shot by Ryan McLeod.
1:16 of 2nd period - Stopped by Stuart Skinner without a rebound.
1:17 of 2nd period - Joel Kellman wins face-off versus Gemel Smith in Gulls zone.
1:18 of 2nd period - Shot by Alexander Petrovic.
1:18 of 2nd period - Shot Blocked by Braydon Coburn.
1:27 of 2nd period - Icing by Tom Kuhnhackl.
1:28 of 2nd period - Gemel Smith wins face-off versus Ryan McLeod in Gulls zone.
1:35 of 2nd period - Shot by Ryan McLeod.
1:35 of 2nd period - Shot Misses the Net.
1:37 of 2nd period - Shot by Cody Franson.
1:37 of 2nd period - Stopped by Stuart Skinner without a rebound.
1:38 of 2nd period - Joel Kellman wins face-off versus Adam Cracknell in Gulls zone.
1:38 of 2nd period - Dillon Dube is hit by Rasmus Sandin and loses puck.
2:03 of 2nd period - Icing by Eeli Tolvanen.
2:04 of 2nd period - Zac Rinaldo wins face-off versus Adam Cracknell in Gulls zone.
2:28 of 2nd period - Shot by Oliver Wahlstrom.
2:28 of 2nd period - Stopped by Dylan Ferguson without a rebound.
2:29 of 2nd period - Travis Boyd wins face-off versus Andrew Ladd in Heat zone.
2:29 of 2nd period - Travis Boyd is hit by Andrew Ladd.
2:35 of 2nd period - Shot by Patrick Russell.
2:35 of 2nd period - Goal by Patrick Russell - Heat : 3 - Gulls : 3.
2:36 of 2nd period - Loui Eriksson wins face-off versus Travis Boyd in neutral zone.
4:40 of 2nd period - Wade Allison is hit by Brendan Guhle and loses puck.
4:44 of 2nd period - Wade Allison is hit by Rasmus Sandin.
5:10 of 2nd period - Joel Kellman is hit by Rasmus Sandin.
6:40 of 2nd period - Icing by Daniel Carr.
6:41 of 2nd period - Gemel Smith wins face-off versus John Hayden in Heat zone.
6:41 of 2nd period - Gemel Smith is hit by Alexander Petrovic.
6:52 of 2nd period - Shot by Brendan Guhle.
6:52 of 2nd period - Shot Misses the Net.
6:54 of 2nd period - Shot by Tom Kuhnhackl.
6:54 of 2nd period - Shot Misses the Net.
7:37 of 2nd period - Shot by Travis Boyd.
7:37 of 2nd period - Shot Misses the Net.
8:13 of 2nd period - Korbinian Holzer is hit by Cole Schneider and loses puck.
8:30 of 2nd period - Shot by Tage Thompson.
8:30 of 2nd period - Shot Misses the Net.
8:45 of 2nd period - Korbinian Holzer is hit by Mark Barberio and loses puck.
9:00 of 2nd period - Korbinian Holzer is hit by Dillon Dube and loses puck.
9:07 of 2nd period - Shot by Joel Kellman.
9:07 of 2nd period - Shot Misses the Net.
9:09 of 2nd period - Shot by Joel Kellman.
9:09 of 2nd period - Shot Misses the Net.
9:11 of 2nd period - Shot by Joel Kellman.
9:11 of 2nd period - Deflect By Eetu Tuulola.
9:11 of 2nd period - Shot Misses the Net.
9:13 of 2nd period - Shot by Joel Kellman.
9:13 of 2nd period - Shot Misses the Net.
9:15 of 2nd period - Shot by Joel Kellman.
9:15 of 2nd period - Stopped by Stuart Skinner without a rebound.
9:16 of 2nd period - Adam Cracknell wins face-off versus Joel Kellman in Gulls zone.
10:47 of 2nd period - Eeli Tolvanen is hit by Tommy Cross and loses puck.
11:14 of 2nd period - Shot by Kristian Vesalainen.
11:14 of 2nd period - Shot Misses the Net.
12:04 of 2nd period - Shot by Tage Thompson.
12:04 of 2nd period - Goal by Tage Thompson - Heat : 3 - Gulls : 4.
12:05 of 2nd period - John Hayden wins face-off versus Kristian Vesalainen in neutral zone.
12:38 of 2nd period - Jonny Brodzinski is hit by Brendan Guhle and loses puck.
12:56 of 2nd period - Icing by Alexander Petrovic.
12:57 of 2nd period - John Hayden wins face-off versus Loui Eriksson in Heat zone.
13:18 of 2nd period - Steven Kampfer is hit by Andrew Ladd and loses puck.
13:38 of 2nd period - Icing by Wade Allison.
13:39 of 2nd period - Adam Cracknell wins face-off versus Ryan McLeod in Heat zone.
14:08 of 2nd period - Icing by Ryan McLeod.
14:09 of 2nd period - Ryan McLeod wins face-off versus Gemel Smith in Heat zone.
15:15 of 2nd period - Shot by Daniel Carr.
15:15 of 2nd period - Deflect By Jonny Brodzinski.
15:15 of 2nd period - Stopped by Stuart Skinner without a rebound.
15:16 of 2nd period - Travis Boyd wins face-off versus Loui Eriksson in Gulls zone.
15:19 of 2nd period - Shot by Connor Mackey.
15:19 of 2nd period - Stopped by Stuart Skinner without a rebound.
15:20 of 2nd period - John Hayden wins face-off versus Loui Eriksson in Gulls zone.
16:09 of 2nd period - Alexander Petrovic is hit by Andrew Ladd and loses puck.
16:36 of 2nd period - Shot by Patrick Russell.
16:36 of 2nd period - Shot Blocked by Braydon Coburn.
16:38 of 2nd period - Shot by Connor Mackey.
16:38 of 2nd period - Shot Misses the Net.
16:40 of 2nd period - Shot by Alexander Petrovic.
16:40 of 2nd period - Shot Misses the Net.
17:03 of 2nd period - Shot by Joel Kellman.
17:03 of 2nd period - Goal by Joel Kellman - Heat : 4 - Gulls : 4.
17:04 of 2nd period - Gemel Smith wins face-off versus Joel Kellman in neutral zone.
17:20 of 2nd period - Shot by Tom Kuhnhackl.
17:20 of 2nd period - Shot Misses the Net.
18:24 of 2nd period - Shot by Eeli Tolvanen.
18:24 of 2nd period - Stopped by Dylan Ferguson without a rebound.
18:25 of 2nd period - Travis Boyd wins face-off versus Loui Eriksson in Heat zone.
18:40 of 2nd period - Shot by Travis Boyd.
18:40 of 2nd period - Shot Misses the Net.
19:00 of 2nd period - Shot by Patrick Russell.
19:00 of 2nd period - Deflect By Travis Boyd.
19:00 of 2nd period - Shot Misses the Net.
19:02 of 2nd period - Shot by Cole Schneider.
19:02 of 2nd period - Shot Misses the Net.
19:04 of 2nd period - Shot by Tommy Cross.
19:04 of 2nd period - Stopped by Stuart Skinner without a rebound.
19:05 of 2nd period - Ryan McLeod wins face-off versus Adam Cracknell in Gulls zone.
19:35 of 2nd period - Icing by Oliver Wahlstrom.
19:36 of 2nd period - John Hayden wins face-off versus Adam Cracknell in Gulls zone.
Goals for this period are 2 for Heat vs 1 for Gulls.
Shots for this period are 8 for Heat vs 3 for Gulls.

3rd period


0:01 of 3rd period - Adam Cracknell wins face-off versus Ryan McLeod in neutral zone.
0:53 of 3rd period - Icing by Cody Franson.
0:54 of 3rd period - Kristian Vesalainen wins face-off versus Patrick Russell in Heat zone.
0:54 of 3rd period - Gemel Smith is hit by Cody Franson and loses puck.
1:26 of 3rd period - Patrick Russell is hit by Braydon Coburn and loses puck.
2:05 of 3rd period - Shot by Loui Eriksson.
2:05 of 3rd period - Stopped by Dylan Ferguson without a rebound.
2:06 of 3rd period - Ryan McLeod wins face-off versus Cooper Marody in Heat zone.
2:12 of 3rd period - Mark Barberio is hit by Rasmus Sandin and loses puck.
2:19 of 3rd period - Shot by Zac Rinaldo.
2:19 of 3rd period - Shot Misses the Net.
2:21 of 3rd period - Shot by Ryan McLeod.
2:21 of 3rd period - Shot Misses the Net.
2:26 of 3rd period - Icing by Brendan Guhle.
2:27 of 3rd period - Cooper Marody wins face-off versus John Hayden in Gulls zone.
2:54 of 3rd period - Shot by Eeli Tolvanen.
2:54 of 3rd period - Shot Misses the Net.
3:05 of 3rd period - Icing by John Hayden.
3:06 of 3rd period - Loui Eriksson wins face-off versus John Hayden in Heat zone.
3:25 of 3rd period - Shot by Loui Eriksson.
3:25 of 3rd period - Stopped by Dylan Ferguson without a rebound.
3:26 of 3rd period - Gemel Smith wins face-off versus Ryan McLeod in Heat zone.
3:27 of 3rd period - Shot by Kristians Rubins.
3:27 of 3rd period - Stopped by Dylan Ferguson without a rebound.
3:28 of 3rd period - Gemel Smith wins face-off versus Patrick Russell in Heat zone.
3:29 of 3rd period - Shot by Tom Kuhnhackl.
3:29 of 3rd period - Stopped by Dylan Ferguson without a rebound.
3:30 of 3rd period - Ryan McLeod wins face-off versus Adam Cracknell in Heat zone.
4:00 of 3rd period - Oliver Wahlstrom is hit by Zac Rinaldo.
4:31 of 3rd period - Off-side.
4:32 of 3rd period - Loui Eriksson wins face-off versus Travis Boyd in neutral zone.
4:37 of 3rd period - Shot by Tage Thompson.
4:37 of 3rd period - Shot Blocked by Steven Kampfer.
4:51 of 3rd period - Shot by Cole Schneider.
4:51 of 3rd period - Deflect By Travis Boyd.
4:51 of 3rd period - Shot Misses the Net.
4:53 of 3rd period - Shot by Steven Kampfer.
4:53 of 3rd period - Stopped by Stuart Skinner without a rebound.
4:54 of 3rd period - Jonny Brodzinski wins face-off versus Gemel Smith in Gulls zone.
5:05 of 3rd period - Shot by John Hayden.
5:05 of 3rd period - Stopped by Stuart Skinner without a rebound.
5:06 of 3rd period - Joel Kellman wins face-off versus Cooper Marody in Gulls zone.
5:29 of 3rd period - Shot by Joel Kellman.
5:29 of 3rd period - Shot Misses the Net.
5:40 of 3rd period - Off-side.
5:41 of 3rd period - John Hayden wins face-off versus Gemel Smith in neutral zone.
5:50 of 3rd period - Shot by Jonny Brodzinski.
5:50 of 3rd period - Stopped by Stuart Skinner with a rebound.
6:10 of 3rd period - Shot by Gemel Smith.
6:10 of 3rd period - Goal by Gemel Smith - Heat : 4 - Gulls : 5.
6:11 of 3rd period - Travis Boyd wins face-off versus Andrew Ladd in neutral zone.
6:11 of 3rd period - Alexander Petrovic is hit by Andrew Ladd and loses puck.
6:30 of 3rd period - Loui Eriksson is hit by Alexander Petrovic and loses puck.
6:45 of 3rd period - Shot by Andrew Ladd.
6:45 of 3rd period - Goal by Andrew Ladd - Heat : 4 - Gulls : 6.
6:45 of 3rd period - Joel Hofer enters game.
6:46 of 3rd period - Adam Cracknell wins face-off versus Ryan McLeod in neutral zone.
6:53 of 3rd period - Shot by Rasmus Sandin.
6:53 of 3rd period - Stopped by Joel Hofer without a rebound.
6:54 of 3rd period - Adam Cracknell wins face-off versus John Hayden in Heat zone.
7:13 of 3rd period - Shot by Adam Cracknell.
7:13 of 3rd period - Deflect By Eeli Tolvanen.
7:13 of 3rd period - Shot Misses the Net.
7:16 of 3rd period - Icing by Mark Barberio.
7:17 of 3rd period - John Hayden wins face-off versus Gemel Smith in Heat zone.
8:07 of 3rd period - Jonny Brodzinski is hit by Korbinian Holzer and loses puck.
8:18 of 3rd period - Shot by Eeli Tolvanen.
8:18 of 3rd period - Stopped by Joel Hofer without a rebound.
8:19 of 3rd period - Ryan McLeod wins face-off versus Loui Eriksson in Heat zone.
8:47 of 3rd period - Rasmus Sandin is hit by Cody Franson and loses puck.
9:03 of 3rd period - Icing by Steven Kampfer.
9:04 of 3rd period - Ryan McLeod wins face-off versus Eeli Tolvanen in Heat zone.
9:04 of 3rd period - Ryan McLeod is hit by Adam Cracknell.
9:42 of 3rd period - Shot by Adam Cracknell.
9:42 of 3rd period - Shot Blocked by Connor Mackey.
9:44 of 3rd period - Shot by Oliver Wahlstrom.
9:44 of 3rd period - Deflect By Eeli Tolvanen.
9:44 of 3rd period - Shot Misses the Net.
9:46 of 3rd period - Shot by Braydon Coburn.
9:46 of 3rd period - Shot Hit the Post.
11:33 of 3rd period - Jonny Brodzinski is hit by Rasmus Sandin and loses puck.
12:14 of 3rd period - Shot by Oliver Wahlstrom.
12:14 of 3rd period - Shot Misses the Net.
12:16 of 3rd period - Shot by Braydon Coburn.
12:16 of 3rd period - Shot Misses the Net.
12:35 of 3rd period - Eeli Tolvanen is hit by Alexander Petrovic and loses puck.
12:59 of 3rd period - Minor Penalty to Alexander Petrovic for Interference.
13:00 of 3rd period - Dillon Dube wins face-off versus Adam Cracknell in Heat zone.
13:48 of 3rd period - Icing by Andrew Ladd.
13:49 of 3rd period - Gemel Smith wins face-off versus Joel Kellman in Gulls zone.
13:59 of 3rd period - Shot by Gemel Smith.
13:59 of 3rd period - Shot Misses the Net.
14:11 of 3rd period - Shot by Thomas Hickey.
14:11 of 3rd period - Shot Misses the Net.
14:24 of 3rd period - Icing by Eeli Tolvanen.
14:25 of 3rd period - Ryan McLeod wins face-off versus Adam Cracknell in Gulls zone.
14:42 of 3rd period - Shot by Oliver Wahlstrom.
14:42 of 3rd period - Shot Blocked by Steven Kampfer.
14:44 of 3rd period - Shot by Brendan Guhle.
14:44 of 3rd period - Shot Misses the Net.
15:23 of 3rd period - Minor Penalty to Korbinian Holzer for Tripping.
15:24 of 3rd period - Adam Cracknell wins face-off versus Joel Kellman in Gulls zone.
16:32 of 3rd period - Shot by Ryan McLeod.
16:32 of 3rd period - Deflect By Wade Allison.
16:32 of 3rd period - Shot Misses the Net.
16:34 of 3rd period - Shot by Connor Mackey.
16:34 of 3rd period - Shot Blocked by Kristians Rubins.
16:54 of 3rd period - Shot by Ryan McLeod.
16:54 of 3rd period - Shot Misses the Net.
16:56 of 3rd period - Shot by Dillon Dube.
16:56 of 3rd period - Goal by Dillon Dube - Heat : 5 - Gulls : 6.
16:57 of 3rd period - Ryan McLeod wins face-off versus Gemel Smith in neutral zone.
17:21 of 3rd period - Off-side.
17:22 of 3rd period - Travis Boyd wins face-off versus Adam Cracknell in neutral zone.
17:45 of 3rd period - Shot by Adam Cracknell.
17:45 of 3rd period - Stopped by Joel Hofer without a rebound.
17:46 of 3rd period - John Hayden wins face-off versus Loui Eriksson in Heat zone.
17:46 of 3rd period - John Hayden is hit by Andrew Ladd.
17:53 of 3rd period - Off-side.
17:54 of 3rd period - Gemel Smith wins face-off versus Joel Kellman in neutral zone.
18:18 of 3rd period - Gemel Smith is hit by Eetu Tuulola.
18:32 of 3rd period - Shot by Gemel Smith.
18:32 of 3rd period - Goal by Gemel Smith - Heat : 5 - Gulls : 7.
18:33 of 3rd period - Cooper Marody wins face-off versus John Hayden in neutral zone.
18:38 of 3rd period - Shot by Eeli Tolvanen.
18:38 of 3rd period - Stopped by Joel Hofer without a rebound.
18:39 of 3rd period - Travis Boyd wins face-off versus Cooper Marody in Heat zone.
18:48 of 3rd period - Shot by Patrick Russell.
18:48 of 3rd period - Stopped by Stuart Skinner without a rebound.
18:49 of 3rd period - Ryan McLeod wins face-off versus Adam Cracknell in Gulls zone.
19:20 of 3rd period - Shot by Connor Mackey.
19:20 of 3rd period - Shot Misses the Net.
19:43 of 3rd period - Icing by Alexander Petrovic.
19:44 of 3rd period - Loui Eriksson wins face-off versus Ryan McLeod in Heat zone.
Goals for this period are 1 for Heat vs 3 for Gulls.
Shots for this period are 5 for Heat vs 11 for Gulls.